 Dungeon Crawl Stone Soup version 0.23.0-3-gf3c87f2 (webtiles) character file.

Game seed: 9290191066078513237

10 Borgoz the Sneak (level 2, -2/20 HPs)
             Began as a Ghoul Enchanter on Feb 24, 2019.
             Slain by a hobgoblin
             ... wielding a +0 club
              (7 damage)
             ... on level 1 of the Dungeon.
             The game lasted 00:01:04 (284 turns).

Borgoz the Sneak (Ghoul Enchanter)                   Turns: 284, Time: 00:01:04

Health: -2/20      AC:  3    Str: 11    XL:     2   Next: 20%
Magic:  3/3        EV: 12    Int: 10    God:
Gold:   13         SH:  0    Dex:  9    Spells: 3/4 levels left

rFire    . . .     SeeInvis .   a - +1 dagger
rCold    + . .     Gourm    .   (no shield)
rNeg     + + +     Faith    .   b - +0 robe
rPois    ∞         Spirit   .   (no helmet)
rElec    .         Reflect  .   e - +0 cloak
rCorr    .         Harm     .   (no gloves)
MR       .....                  (no boots)
Stlth    ++........             (no amulet)
HPRegen  0.00/turn              (no ring)
MPRegen  0.08/turn              (no ring)

@: rotting
A: rotting body, claws 1, carnivore, cold resistance 1, negative energy
resistance 3, inhibited regeneration, torment resistance, unbreathing
a: no special abilities


You were on level 1 of the Dungeon.
You were not hungry.

You visited 1 branch of the dungeon, and saw 1 of its levels.

You collected 13 gold pieces.

Inventory:

Hand Weapons
 a - a +1 dagger (weapon)
Armour
 b - a +0 robe (worn)
 e - a +0 cloak (worn)
Comestibles
 c - 3 chunks of flesh
 d - 3 rations


   Skills:
 * Level 1.2 Short Blades
 + Level 1.9 Dodging
 + Level 3.4 Stealth
 - Level 1.7 Spellcasting
 * Level 2.6 Hexes


You had 3 spell levels left.
You knew the following spells:

 Your Spells              Type           Power        Failure   Level  Hunger
a - Corona                Hex            #......      11%         1    ##.....

Your spell library contained the following spells:

 Spells                   Type           Power        Failure   Level  Hunger
 Ensorcelled Hibernation  Hex/Ice        #.....       28%         2    ###....
 Confuse                  Hex            #.......     32%         3    ####...
 Tukima's Dance           Hex            #.......     32%         3    ####...
 Dazzling Spray           Conj/Hex       #.....       50%         3    ####...


Dungeon Overview and Level Annotations

Branches:
Dungeon (1/15)

Altars:


Innate Abilities, Weirdness & Mutations

Your body is rotting away.
You thrive on raw meat.
You are immune to poison.
You have sharp fingernails.
You are carnivorous and can eat meat at any time.
Your flesh is cold resistant. (rC+)
You are immune to negative energy. (rN+++)
You do not regenerate when monsters are visible.
You are immune to unholy pain and torment.
You can survive without breathing.


Message History

The hobgoblin is severely wounded.
The hobgoblin closely misses you.
You hit the hobgoblin but do no damage.
The hobgoblin is severely wounded.
The hobgoblin barely misses you.
You barely miss the hobgoblin.
The hobgoblin is heavily wounded.
The hobgoblin closely misses you.
You hit the hobgoblin.
The hobgoblin is almost dead.
The hobgoblin closely misses you.
You hit the hobgoblin but do no damage.
The hobgoblin is almost dead.
You closely miss the hobgoblin.
The hobgoblin is almost dead.
The hobgoblin hits you but does no damage.
You hit the hobgoblin but do no damage.
The hobgoblin is almost dead.
The hobgoblin hits you with a +0 club!
You die...

#.###### #...... #..
###...... #. #.#...... .
# ##.#...### # ##
###..#.###
....#########....#.#
#..........##.##.#(#
#.########.##.#..#.#
##.#.).g@......#....#
#####....#######..##..###
#.......## ##....##
.........# ####....## .
..........# #....#...###
.# ..........#
#....#.#...## .
..........#
#....#.###..####
..........#
#....#.#........
....).....#
#....#.#........


You could see a hobgoblin.

Vanquished Creatures
  A dart slug (D:1)
  A ball python (D:1)
  2 hobgoblins (D:1)
  2 kobolds (D:1)
  2 bats (D:1)
8 creatures vanquished.

Notes
Turn   | Place    | Note
-------+----------+-------------------------------------------
     0 | D:1      | Borgoz the Ghoul Enchanter began the quest for the Orb.
     0 | D:1      | Reached XP level 1. HP: 14/14 MP: 2/2
    35 | D:1      | Reached skill level 1 in Short Blades
   100 | D:1      | Reached XP level 2. HP: 12/20 MP: 3/3
   284 | D:1      | Slain by a hobgoblin

Skill      XL: |  1 |
---------------+----+-----
Short Blades   | 1 |  1.2
Dodging        | |  1.9
Stealth        | |  3.4
Spellcasting   | |  1.7
Hexes          | |  2.6

Action                   || total
-------------------------++-------
Melee: Dagger            ||    45
  Use: Scroll            ||     2
       Potion            ||     1
 Stab: Sleeping          ||     2
  Eat: Chunk             ||     5
Armor: Robe              ||    13
Dodge: Dodged            ||    26
